 Dungeon Crawl Stone Soup version 0.31-a0-267-g3fc6992b3b (webtiles) character file.

Game seed: 17102066518859594614

417 qw the Shooter (level 6, 0/52 HPs)
             Began as a Minotaur Hexslinger on July 14, 2023.
             Slain by Duvessa
             ... wielding a +2 vampiric short sword
              (5 damage)
             ... on level 4 of the Dungeon.
             The game lasted 00:01:14 (2956 turns).

qw the Shooter (Minotaur Hexslinger)                Turns: 2956, Time: 00:01:15

Health: 0/52       AC:  7    Str: 13    XL:     6   Next: 61%
Magic:  6/6        EV: 11    Int: 10    God:
Gold:   162        SH:  0    Dex: 17    Spells: 6/7 levels left

rFire   . . .        Y - +1 sling
rCold   . . .        (no shield)
rNeg    . . .        e - +0 ring mail
rPois   .            (helmet restricted)
rElec   .            a - scarf of the Other Side {shadows, Contam Will+ Slay+5}
rCorr   .            b - +0 pair of gloves {Dex+3}
SInv    +            d - +0 pair of boots
Will    +....        (no amulet)
Stlth   +            j - ring of see invisible
HPRegen 0.28/turn    (no ring)
MPRegen 0.10/turn

%: no passive effects
@: lethally poisoned (0 -> -19)
A: horns 2, retaliatory headbutt
a: no special abilities


You were on level 4 of the Dungeon.
You visited 1 branch of the dungeon, and saw 4 of its levels.

You collected 162 gold pieces.


Innate Abilities, Weirdness & Mutations

You have a pair of horns on your head.
You reflexively headbutt those who attack you in melee.


   Skills:
 - Level 4.0 Fighting
 + Level 6.8 Ranged Weapons
 - Level 1.0 Armour
 - Level 2.1 Dodging
 - Level 1.0 Spellcasting
 - Level 2.0 Hexes


You had 6 spell levels left.
You knew the following spells:

 Your Spells              Type           Power      Damage    Failure   Level
a - Slow                  Hex            16%        N/A       32%         1

Your spell library contained the following spells:

 Spells                   Type           Power      Damage    Failure   Level
 Inner Flame              Hex/Fire       2%         N/A       82%         3
 Portal Projectile        Hex/Tloc       4%         N/A       82%         3
 Cause Fear               Hex            2%         N/A       97%         4

Inventory:

Hand Weapons
 Y - a +1 sling (weapon)
Armour
 a - the scarf of the Other Side (worn) {shadows, Contam Will+ Slay+5}
   (You found it on level 3 of the Dungeon)

   Slay:      It affects your accuracy & damage with ranged weapons and melee
   (+5).
   Contam:    It causes magical contamination when unequipped.
   Will:      It increases your willpower.
 b - a +0 pair of gloves of dexterity (worn)
 d - a +0 pair of boots (worn)
 e - a +0 ring mail (worn)
Jewellery
 j - a ring of see invisible (left hand)
Scrolls
 c - a scroll of identify
Potions
 f - a potion of attraction {unknown}
 g - 2 potions of curing
 h - a potion of might
 i - a potion of cancellation

Dungeon Overview and Level Annotations

Branches:
Dungeon (4/15)
 Temple: D:4-7

Altars:
Zin

Annotations:
D:4 Dowan, Duvessa


Message History

The sling bullet hits Duvessa but does no damage.
Duvessa is moderately wounded.
Dowan points at you and mumbles some strange words.
You resist with almost no effort.
The kobold shoots an arrow.
The arrow hits you but does no damage.
You shoot a sling bullet. The sling bullet hits Duvessa.
Duvessa is moderately wounded.
Duvessa hits you with a +2 vampiric short sword.
The kobold shoots an arrow.
The arrow barely misses you.
Duvessa hits you with a +2 vampiric short sword.
Duvessa draws strength from your wounds!
The kobold shoots an arrow.
The arrow hits you.
You shoot a sling bullet. The sling bullet hits Duvessa.
Duvessa is heavily wounded.
Duvessa barely misses you. You furiously retaliate!
You headbutt Duvessa! You shoot a sling bullet.
The sling bullet barely misses Duvessa.
Duvessa hits you with a +2 vampiric short sword.
Duvessa draws strength from your wounds!
Dowan casts a spell at Duvessa.
Duvessa seems to speed up.
You shoot a sling bullet. The sling bullet barely misses Duvessa.
Duvessa closely misses you. You furiously retaliate!
You headbutt Duvessa!
Dowan hits you with a +0 dagger of venom.
You are poisoned.
Duvessa hits you with a +2 vampiric short sword.
You shoot a sling bullet. The sling bullet hits Duvessa.
Duvessa is almost dead.
You feel very sick.
Duvessa hits you with a +2 vampiric short sword.
Dowan hits you with a +0 dagger of venom.
You are lethally poisoned!
You shoot a sling bullet.
The sling bullet hits Duvessa but does no damage.
Duvessa is almost dead.
You feel very sick. Duvessa closely misses you.
Dowan hits you with a +0 dagger of venom.
You are more poisoned.
Duvessa hits you with a +2 vampiric short sword.
You die...

............. .....#......#
............#. ...
.#............... #..
.................. ..
.....e)..........# #[
.....e@..........#####.
..%..K...........#.....
.............)......#.. .......#
......................#
.......####......................
..[..............#..............#
................##...............
.........>.......#...#...........
...................####..........


You could see Duvessa (fast), Dowan and a kobold.

Vanquished Creatures
  An ogre (D:4)
  An orc priest (D:4)
  4 hounds (D:4)
  Ijyb (D:4)
  A sleepcap (D:3)
  6 adders
  A worm (D:2)
  3 dart slugs
  2 orcs
  6 ball pythons
  4 bats
  4 endoplasms
  2 giant cockroaches (D:3)
  10 goblins
  11 hobgoblins
  3 quokkas
  A frilled lizard (D:1)
  5 kobolds
  7 rats
73 creatures vanquished.

Notes
Turn   | Place    | Note
-------+----------+-------------------------------------------
     0 | D:1      | qw the Minotaur Hexslinger began the quest for the Orb.
     0 | D:1      | Reached XP level 1. HP: 16/16 MP: 1/1
     0 | D:1      | 0 ||| qw: Version: 0.3-a-52-g30416fa
     0 | D:1      | 0 ||| qw: Game counter: 7849
     0 | D:1      | 0 ||| qw: Melee chars always use a shield: true
     0 | D:1      | 0 ||| qw: God list: Okawaru
     0 | D:1      | 0 ||| qw: Allow faded altars: false
     0 | D:1      | 0 ||| qw: Do Orc after clearing Dungeon:15 true
     0 | D:1      | 0 ||| qw: Do second Lair branch before Depths: true
     0 | D:1      | 0 ||| qw: Lair rune preference: random
     0 | D:1      | 0 ||| qw: Goals: Normal
     0 | D:1      | 0 ||| PLANNING D:1-11
   140 | D:1      | HP: 3/16 [dart slug/slug dart (4)]
   145 | D:1      | Reached skill level 3 in Ranged Weapons
   145 | D:1      | Reached XP level 2. HP: 5/23 MP: 2/2
   585 | D:1      | 585 ||| UPGRADING to +0 ring mail.
   595 | D:1      | 595 ||| DROPPING +0 robe.
   596 | D:1      | 596 ||| READING 3 scrolls labelled QIUCOZ AJEEV.
   597 | D:1      | 597 ||| READING scroll labelled PINERO BYSO.
   598 | D:1      | 598 ||| READING scroll labelled FYKAWO LOCICO.
   599 | D:1      | 599 ||| DROPPING 2 scrolls of amnesia.
   600 | D:1      | 600 ||| DROPPING scroll of poison.
   648 | D:2      | Reached XP level 3. HP: 23/29 MP: 3/3
  1010 | D:2      | Reached skill level 4 in Ranged Weapons
  1015 | D:2      | HP: 7/29 [poisoned by an adder]
  1210 | D:2      | Reached skill level 1 in Armour
  1249 | D:2      | 1249 ||| FLEEEEING.
  1250 | D:2      | 1250 ||| FLEEEEING.
  1317 | D:2      | Found a faded altar of an unknown god.
  1530 | D:2      | 1530 ||| UPGRADING to +0 pair of boots.
  1535 | D:2      | 1535 ||| UPGRADING to +0 cloak.
  1540 | D:2      | 1540 ||| READING scroll labelled ZIUTOO OMUOZI.
  1541 | D:2      | 1541 ||| READING 3 scrolls labelled BAIMENG HIAKIM.
  1542 | D:2      | 1542 ||| DRINKING 3 silvery potions.
  1543 | D:2      | 1543 ||| DRINKING 2 inky potions.
  1544 | D:2      | 1544 ||| READING 2 scrolls of identify.
  1544 | D:2      | 1544 ||| IDENTIFYING metallic yellow potion
  1545 | D:2      | 1545 ||| DROPPING 2 potions of magic.
  1569 | D:3      | Found a glowing silver altar of Zin.
  1579 | D:3      | Identified the scarf of the Other Side {shadows, Contam
                  | Will+ Slay+5}
  1665 | D:3      | Reached XP level 4. HP: 36/36 MP: 4/4
  1884 | D:3      | Reached skill level 5 in Ranged Weapons
  2250 | D:3      | 2250 ||| UPGRADING to scarf of the Other Side {shadows,
                  | Contam Will+ Slay+5}.
  2260 | D:3      | 2260 ||| DROPPING +0 cloak.
  2261 | D:3      | 2261 ||| UPGRADING to ring of see invisible.
  2262 | D:3      | 2262 ||| READING 2 scrolls labelled COEMERCH JAUJUT.
  2263 | D:3      | 2263 ||| READING 3 scrolls of identify.
  2263 | D:3      | 2263 ||| IDENTIFYING viscous cyan potion
  2264 | D:3      | 2264 ||| READING 2 scrolls of identify.
  2264 | D:3      | 2264 ||| IDENTIFYING dark potion
  2265 | D:3      | 2265 ||| DROPPING scroll of vulnerability.
  2266 | D:3      | 2266 ||| DROPPING potion of invisibility.
  2303 | D:4      | Reached skill level 3 in Fighting
  2303 | D:4      | Reached XP level 5. HP: 36/45 MP: 5/5
  2361 | D:4      | 2361 ||| FLEEEEING.
  2362 | D:4      | 2362 ||| FLEEEEING.
  2363 | D:4      | 2363 ||| FLEEEEING.
  2364 | D:4      | 2364 ||| FLEEEEING.
  2365 | D:4      | 2365 ||| FLEEEEING.
  2366 | D:4      | 2366 ||| FLEEEEING.
  2367 | D:4      | 2367 ||| FLEEEEING.
  2368 | D:4      | 2368 ||| FLEEEEING.
  2369 | D:4      | 2369 ||| FLEEEEING.
  2370 | D:4      | 2370 ||| FLEEEEING.
  2371 | D:4      | 2371 ||| FLEEEEING.
  2372 | D:4      | 2372 ||| STAIRDANCE
  2433 | D:3      | 2433 ||| UPGRADING to +0 pair of gloves of dexterity.
  2440 | D:4      | 2440 ||| STAIRDANCE
  2561 | D:4      | 2561 ||| STAIRDANCE
  2648 | D:4      | 2648 ||| STAIRDANCE
  2690 | D:4      | Noticed an ogre
  2695 | D:4      | Killed an ogre
  2696 | D:4      | Reached skill level 6 in Ranged Weapons
  2696 | D:4      | Reached XP level 6. HP: 51/51 MP: 6/6
  2939 | D:4      | Noticed Ijyb
  2945 | D:4      | Noticed Duvessa
  2946 | D:4      | Noticed Dowan
  2947 | D:4      | Killed Ijyb
  2955 | D:4      | HP: 12/52 [Duvessa/+2 vampiric short sword (5)]
  2956 | D:4      | HP: 5/52 [Dowan/+0 dagger of venom (1)]
  2956 | D:4      | Slain by Duvessa

Levels and vault maps discovered:
D:1:      heliophobic_arrival_dark_side_of_the_moon, layout_basic
D:2:      layout_loops_ring, serial_forest, infiniplex_forest_clump_tiny,
          infiniplex_forest_lined_2, infiniplex_forest_clump_tiny,
          infiniplex_forest_straight_5, infiniplex_forest_clump_tiny,
          infiniplex_forest_lined_room_, infiniplex_forest_straight_3,
          infiniplex_forest_clump_small, infiniplex_forest_lined_2,
          infiniplex_forest_end_2, shapermc_ecumenical_altar_flowoftime
D:3:      layout_loops_ring, old_standard_altar
D:4:      layout_cave_pools, minmay_misc_feat_five, uniq_duvessa, uniq_ijyb

Skill      XL: |  1  2  3  4  5  6 |
---------------+-------------------+-----
Ranged Weapons | 3 4 5 6 |  6.8
Fighting       | 2 3 4 |  4.0
Armour         | 1 |  1.0
Dodging        | |  2.1
Spellcasting   | |  1.0
Hexes          | |  2.0

Action                     |  1- 3 |  4- 6 || total
---------------------------+-------+-------++-------
   Fire: Sling             |   127 |   134 ||   261
    Use: Scroll            |     6 |     3 ||     9
         Potion            |     2 |       ||     2
 Armour: Robe              |     3 |       ||     3
         Ring mail         |    12 |    32 ||    44
  Dodge: Dodged            |    19 |    41 ||    60

Table legend:
 A = Non-vault XP
 B = Vault XP
 C = Vault XP percentage of total XP
 D = Non-vault monster count
 E = Vault monster count
 F = Vault count percentage of total count
                 A         B        C        D         E       F
            +---------+---------+-------+---------+---------+-------
      Total |     559 |      38 |   6.4 |      72 |       1 |   1.4
            +---------+---------+-------+---------+---------+-------
        D:1 |      35 |       0 |   0.0 |      18 |       0 |   0.0
        D:2 |      58 |       0 |   0.0 |      20 |       0 |   0.0
        D:3 |     107 |       0 |   0.0 |      19 |       0 |   0.0
        D:4 |     359 |      38 |   9.6 |      15 |       1 |   6.2
            +---------+---------+-------+---------+---------+-------
